 Dungeon Crawl Stone Soup version 0.21.1-1-g345015f (webtiles) character file.

95 kae the Insei (level 4, -4/33 HPs)
             Began as a Demonspawn Transmuter on June 12, 2018.
             Slain by an orc
             ... wielding a +0 mace
              (10 damage)
             ... on level 3 of the Dungeon.
             The game lasted 00:02:55 (2701 turns).

kae the Insei (Demonspawn Transmuter)               Turns: 2701, Time: 00:02:55

Health: -4/33      AC:  2    Str: 11    XL:     4   Next: 40%
Magic:  2/7        EV: 13    Int: 14    God:
Gold:   124        SH:  0    Dex: 14    Spells: 5/8 levels left

rFire    . . .     SeeInvis .     - Unarmed
rCold    . . .     Gourm    .   (no shield)
rNeg     . . .     Faith    .   b - +0 robe
rPois    .         Spirit   .   (helmet restricted)
rElec    .         Reflect  .   (no cloak)
rCorr    .         Harm     .   (no gloves)
MR       .....                  (no boots)
Stlth    +.........             (no amulet)
HPRegen  0.11/turn              (no ring)
MPRegen  0.10/turn              (no ring)

@: no status effects
A: antennae 1, powered by death 1
a: no special abilities


You were on level 3 of the Dungeon.
You were very hungry.

You visited 1 branch of the dungeon, and saw 3 of its levels.

You collected 124 gold pieces.

Inventory:

Missiles
 a - 6 arrows
Armour
 b - a +0 robe (worn)
Wands
 k - a wand of acid (9)
Potions
 e - 2 potions of brilliance
 f - a potion of invisibility
 h - 2 potions of curing
 j - a potion of agility
 m - a potion of flight
Books
 c - a book of Changes

   Spells                             Type                      Level
   a - Beastly Appendage              Transmutation                1
   b - Sticks to Snakes               Transmutation                2
   c - Spider Form                    Transmutation/Poison         3
   d - Ice Form                       Ice/Transmutation            4
   e - Blade Hands                    Transmutation                5
Comestibles
 d - 3 rations


   Skills:
 + Level 1.8 Fighting
 + Level 2.3 Dodging
 * Level 3.5 Unarmed Combat
 + Level 2.5 Spellcasting
 + Level 2.3 Transmutations


You had 5 spell levels left.
You knew the following spells:

 Your Spells              Type           Power        Failure   Level  Hunger
a - Beastly Appendage     Tmut           #.....       9%          1    #......
b - Sticks to Snakes      Tmut           #.......     13%         2    ###....


Dungeon Overview and Level Annotations

Branches:
Dungeon (3/15)

Altars:
Kikubaaqudgha
Sif Muna
Yredelemnul
The Shining One

Annotations:
D:3 inc's ghost, amateur OpFi


Innate Abilities, Weirdness & Mutations

You have a pair of small antennae on your head.
You regenerate a little health from kills.


Message History

You hit the orc priest but do no damage.
The orc priest is moderately wounded.
The orc priest misses you.
Your ball python bites the orc priest.
Your ball python constricts the orc priest.
You feel better. The orc misses you. The orc priest hits you with a dagger.
Your ball python bites the orc priest but does no damage.
Your ball python constricts the orc priest.
You hit the orc priest.
The orc priest is severely wounded.
The orc priest hits you with a dagger.
Your ball python barely misses the orc priest.
Your ball python constricts the orc priest.
The orc hits you with a mace!
* * * LOW HITPOINT WARNING * * *
You hit the orc priest.
The orc priest is almost dead.
Your ball python bites the orc priest.
Your ball python constricts the orc priest.
The orc priest barely misses you. The orc hits you with a mace!
You die...

..#...#..>...........#....
...### ###.##.######.#.###..#..#
#.### #.##.#
##.###.##..#..#####%##. #.##.#
#.## ##.............##. ###.##.#
#..###..##...#####..... ....##.#
#.#.#[#.##...# ##.... ######.#
#.##.#...<...# #..## #.#
#.##Soo......# #..#
######.####.####@.###...........
#...............(.#
#########$.##
..#######.#.####.## #..## ###
#.#..# #.# #...W # #.##.# #.#
#.## # #....# #.# ###### ###..#
#.# # .....# #..# #.#
####.######..# .#


You could see an orc priest, an orc and a friendly ball python.

Vanquished Creatures
  An iguana (D:2)
  An adder (D:3)
  2 worms
  3 dart slugs
  2 leopard geckos
  A ball python (D:1)
  3 giant cockroaches
  6 goblins
  6 hobgoblins
  3 jackals (D:1)
  4 kobolds
  7 bats
  6 rats
45 creatures vanquished.

Vanquished Creatures (collateral kills)
  An orc (D:3)
1 creature vanquished.

Grand Total: 46 creatures vanquished

Notes
Turn   | Place    | Note
-------+----------+-------------------------------------------
     0 | D:1      | kae the Demonspawn Transmuter began the quest for the Orb.
     0 | D:1      | Reached XP level 1. HP: 15/15 MP: 3/3
   230 | D:1      | Gained mutation: You regenerate a little health from kills. [demonic ancestry]
   230 | D:1      | Reached XP level 2. HP: 20/21 MP: 3/5
   379 | D:1      | Reached skill level 3 in Unarmed Combat
   597 | D:1      | Learned a level 2 spell: Sticks to Snakes
   631 | D:1      | Reached XP level 3. HP: 25/26 MP: 6/6
   694 | D:1      | You fall through a shaft!
   894 | D:2      | Found a glowing golden altar of the Shining One.
   986 | D:2      | Found a deep blue altar of Sif Muna.
  1066 | D:2      | Found an ancient bone altar of Kikubaaqudgha.
  1568 | D:2      | Gained mutation: You have a pair of small antennae on your head. [demonic ancestry]
  1568 | D:2      | Reached XP level 4. HP: 33/33 MP: 4/7
  1592 | D:2      | Found a basalt altar of Yredelemnul.
  1838 | D:3      | Noticed inc's ghost (amateur OpFi)
  2701 | D:3      | Slain by an orc

Skill      XL: |  1  2 |
---------------+-------+-----
Dodging        | 2 |  2.3
Unarmed Combat | 3 |  3.5
Transmutations | 2 |  2.3
Fighting       | |  1.8
Spellcasting   | |  2.5

Action                   |  1- 3 |  4- 6 || total
-------------------------+-------+-------++-------
Melee: Unarmed           |   125 |    56 ||   181
       Headbutt          |     8 |       ||     8
       Kick              |    10 |     4 ||    14
       Punch             |       |     1 ||     1
 Cast: Beastly Appendage |    20 |     3 ||    23
       Sticks to Snakes  |     1 |     5 ||     6
  Use: Scroll            |       |     9 ||     9
       Potion            |       |     1 ||     1
 Stab: Sleeping          |     1 |       ||     1
  Eat: Chunk             |     1 |     1 ||     2
       Ration            |       |     1 ||     1
Armor: Robe              |    23 |     3 ||    26
Dodge: Dodged            |    90 |    42 ||   132
